3A
ATHLETIC CLUB KC U-24 @ SYRACUSE STORM
08/18/2042
 
TOP OF THE 1ST
Athletic Club KC U-24 batting - Pitching for Syracuse Storm : RHP Jong-hoon Wang
Pitching: RHP Jong-hoon Wang
Batting: RHB David Bosingwa 0-0: Ball
1-0: Ground out 6-3 (Groundball, 4M, EV 87.5 MPH)
Batting: RHB Pedro Píaz 0-0: Ball
1-0: Ball
2-0: Foul Ball, location: 2F
2-1: Ball
3-1: Called Strike
3-2: Base on Balls
Batting: SHB Osvaldo Ardiles 0-0: Ball
1-0: Swinging Strike
1-1: Ball
2-1: Foul Ball, location: 2F
2-2: Ball
3-2: Strikes out swinging
Pedro Píaz is caught stealing 2nd base 2-6
Batter strikes out.
Top of the 1st over - 0 runs, 0 hits, 0 errors, 0 left on base; Athletic Club KC 0 - Syracuse 0
BOTTOM OF THE 1ST
Syracuse Storm batting - Pitching for Athletic Club KC U-24 : RHP Rodney Johnson
Pitching: RHP Rodney Johnson
Batting: RHB Raúl Bermúdez 0-0: Ball
1-0: Ball
2-0: Called Strike
2-1: Ball
3-1: Base on Balls
Batting: RHB Jacob James 0-0: Grounds into double play, 5-4-3 (Groundball, 56, EV 101.2 MPH)
Batting: LHB Jorge Leyva 0-0: Called Strike
0-1: Ball
1-1: Fly out, F9 (Flyball, 89S, EV 90.6 MPH)
Bottom of the 1st over - 0 runs, 0 hits, 0 errors, 0 left on base; Athletic Club KC 0 - Syracuse 0
TOP OF THE 2ND
Athletic Club KC U-24 batting - Pitching for Syracuse Storm : RHP Jong-hoon Wang
Batting: LHB Ramiro Curran 0-0: Called Strike
0-1: Swinging Strike
0-2: Ball
1-2: Fly out, F8 (Line Drive, 8LM, EV 96.2 MPH)
Batting: LHB Greg Flynn 0-0: Foul Ball, location: 2F
0-1: Ball
1-1: SINGLE (Line Drive, 56, EV 97.5 MPH)
Batting: SHB Francisco Rojas 0-0: Ball
1-0: Ball
2-0: Fly out, F7 (Flyball, 7LM, EV 90.6 MPH)
Batting: LHB Derek Robinson 0-0: Called Strike
0-1: Ball
1-1: Ball
2-1: Ball
3-1: Called Strike
3-2: SINGLE (Line Drive, 6D, EV 100.0 MPH)
Greg Flynn to second
Greg Flynn to third
Batting: RHB Sam Jones 0-0: Called Strike
0-1: Ball
1-1: Ground out U3 (Groundball, 34S, EV 78.1 MPH)
Top of the 2nd over - 0 runs, 2 hits, 0 errors, 2 left on base; Athletic Club KC 0 - Syracuse 0
BOTTOM OF THE 2ND
Syracuse Storm batting - Pitching for Athletic Club KC U-24 : RHP Rodney Johnson
Batting: LHB Felipe Tovar 0-0: Ball
1-0: Ball
2-0: SINGLE (Groundball, 34D, EV 96.2 MPH)
Batting: LHB Gabriel Serrano 0-0: Hit by Pitch
Felipe Tovar to second
Batting: RHB Jung Chong 0-0: Called Strike
0-1: Foul Ball, location: 2F
0-2: Fly out, F9 (Line Drive, 9, EV 95.6 MPH)
Batting: LHB Kenny Jones 0-0: 3-RUN HOME RUN (Flyball, 89XD, EV 103.1 MPH), Distance : 458 ft
Batting: RHB Rusty Brown 0-0: Ball
1-0: Ball
2-0: Swinging Strike
2-1: Swinging Strike
2-2: Strikes out looking
Batting: RHB Richard Fowler 0-0: Ball
1-0: Called Strike
1-1: Ball
2-1: Ball
3-1: DOUBLE (Flyball, 7LM, EV 106.2 MPH)
Batting: RHB Raúl Bermúdez 0-0: Ball
1-0: Called Strike
1-1: Ground out 6-3 (Groundball, 6, EV 91.2 MPH)
Bottom of the 2nd over - 3 runs, 3 hits, 0 errors, 1 left on base; Athletic Club KC 0 - Syracuse 3
TOP OF THE 3RD
Athletic Club KC U-24 batting - Pitching for Syracuse Storm : RHP Jong-hoon Wang
Batting: RHB James Allingham 0-0: Ball
1-0: Fly out, F8 (Flyball, 8LD, EV 91.9 MPH)
Batting: RHB David Bosingwa 0-0: Foul Ball, location: 2F
0-1: Ball
1-1: Called Strike
1-2: Ball
2-2: Ball
3-2: Base on Balls
Batting: RHB Pedro Píaz 0-0: Ball
1-0: Foul Ball, location: 2F
1-1: Ball
2-1: Foul Ball, location: 2F
2-2: Strikes out swinging
Batting: SHB Osvaldo Ardiles 0-0: Swinging Strike
0-1: Foul Ball, location: 2F
0-2: Strikes out looking
Top of the 3rd over - 0 runs, 0 hits, 0 errors, 1 left on base; Athletic Club KC 0 - Syracuse 3
BOTTOM OF THE 3RD
Syracuse Storm batting - Pitching for Athletic Club KC U-24 : RHP Rodney Johnson
Batting: RHB Jacob James 0-0: Ball
1-0: Foul Ball, location: 2F
1-1: Foul Ball, location: 2F
1-2: Ball
2-2: Ball
3-2: SINGLE (Flyball, 9S, EV 90.0 MPH)
Batting: LHB Jorge Leyva 0-0: Called Strike
0-1: Fly out, F7 (Flyball, 78S, EV 70.6 MPH)
Batting: LHB Felipe Tovar 0-0: Called Strike
Jacob James is caught stealing 2nd base 2-6
0-1: Ground out 5-3 (Groundball, 5, EV 76.9 MPH)
Bottom of the 3rd over - 0 runs, 1 hit, 0 errors, 0 left on base; Athletic Club KC 0 - Syracuse 3
TOP OF THE 4TH
Athletic Club KC U-24 batting - Pitching for Syracuse Storm : RHP Jong-hoon Wang
Batting: LHB Ramiro Curran 0-0: Fly out, F9 (Flyball, 89M, EV 75.0 MPH)
Batting: LHB Greg Flynn 0-0: Called Strike
0-1: Ground out 6-3 (Groundball, 6, EV 83.8 MPH)
Batting: SHB Francisco Rojas 0-0: SINGLE (Line Drive, 9LM, EV 109.4 MPH)
Batting: LHB Derek Robinson 0-0: Ball
1-0: 2-RUN HOME RUN (Flyball, 89XD, EV 99.4 MPH), Distance : 448 ft
Batting: RHB Sam Jones 0-0: Ball
1-0: Foul Ball, location: 2F
1-1: Called Strike
1-2: Fly out, F9 (Flyball, 9LD, EV 86.9 MPH)
Top of the 4th over - 2 runs, 2 hits, 0 errors, 0 left on base; Athletic Club KC 2 - Syracuse 3
BOTTOM OF THE 4TH
Syracuse Storm batting - Pitching for Athletic Club KC U-24 : RHP Rodney Johnson
Batting: LHB Gabriel Serrano 0-0: Ball
1-0: Ground out 4-3 (Groundball, 4, EV 88.8 MPH)
Batting: RHB Jung Chong 0-0: Foul Ball, location: 2F
0-1: Ball
1-1: Swinging Strike
1-2: Strikes out looking
Batting: LHB Kenny Jones 0-0: Ball
1-0: Ball
2-0: Foul Ball, location: 2F
2-1: Ball
3-1: Fly out, F9 (Flyball, 9LM, EV 91.2 MPH)
Bottom of the 4th over - 0 runs, 0 hits, 0 errors, 0 left on base; Athletic Club KC 2 - Syracuse 3
TOP OF THE 5TH
Athletic Club KC U-24 batting - Pitching for Syracuse Storm : RHP Jong-hoon Wang
Batting: RHB James Allingham 0-0: Called Strike
0-1: Ball
1-1: Foul Ball, location: 2F
1-2: Ball
2-2: Ball
3-2: Base on Balls
Batting: RHB David Bosingwa 0-0: Called Strike
0-1: Foul Ball, location: 2F
0-2: Strikes out swinging
Batting: RHB Pedro Píaz 0-0: Foul Ball, location: 2F
0-1: Foul Ball, location: 2F
0-2: Ball
1-2: Foul Ball, location: 2F
1-2: Fly out, F8 (Flyball, 8LD, EV 102.5 MPH)
Batting: SHB Osvaldo Ardiles 0-0: Ground out 4-3 (Groundball, 34, EV 100.6 MPH)
Top of the 5th over - 0 runs, 0 hits, 0 errors, 1 left on base; Athletic Club KC 2 - Syracuse 3
BOTTOM OF THE 5TH
Syracuse Storm batting - Pitching for Athletic Club KC U-24 : RHP Rodney Johnson
Batting: RHB Rusty Brown 0-0: Ball
1-0: Ball
2-0: Foul Ball, location: 2F
2-1: Foul Ball, location: 2F
2-2: Strikes out swinging
Batting: RHB Richard Fowler 0-0: Called Strike
0-1: Ball
1-1: Foul Ball, location: 2F
1-2: Foul Ball, location: 2F
1-2: Ball
2-2: Ground out 6-3 (Groundball, 56, EV 90.0 MPH)
Batting: RHB Raúl Bermúdez 0-0: TRIPLE (Flyball, 89XD, EV 107.5 MPH)
Batting: RHB Jacob James 0-0: Swinging Strike
0-1: Called Strike
0-2: Foul Ball, location: 2F
0-2: Strikes out looking
Bottom of the 5th over - 0 runs, 1 hit, 0 errors, 1 left on base; Athletic Club KC 2 - Syracuse 3
TOP OF THE 6TH
Athletic Club KC U-24 batting - Pitching for Syracuse Storm : RHP Jong-hoon Wang
Batting: LHB Ramiro Curran 0-0: Ball
1-0: Foul Ball, location: 2F
1-1: SOLO HOME RUN (Line Drive, 9LD, EV 96.2 MPH), Distance : 354 ft
Batting: LHB Greg Flynn 0-0: Ball
1-0: Ball
2-0: Ball
3-0: Base on Balls
Batting: SHB Francisco Rojas 0-0: Ball
1-0: Bunt missed!
1-1: Bunted foul
1-2: Fly out, F7 (Flyball, 7, EV 93.1 MPH)
Batting: LHB Derek Robinson 0-0: SINGLE (Groundball, 34D, EV 105.6 MPH)
Greg Flynn to second
Runner from 2nd tries for 3rd, SAFE, throw by RF made to third
Batting: RHB Sam Jones 0-0: Called Strike
0-1: Foul Ball, location: 2F
0-2: Strikes out swinging
Batting: RHB James Allingham 0-0: Ball
1-0: Called Strike
1-1: Swinging Strike
1-2: Foul Ball, location: 2F
1-2: Foul Ball, location: 2F
1-2: SINGLE (Line Drive, 8RS, EV 110.0 MPH)
Greg Flynn scores
Derek Robinson to second
Runner from 2nd tries for 3rd, SAFE, throw by CF made to third
Batting: RHB David Bosingwa 0-0: Ground out 4-3 (Groundball, 4S, EV 88.8 MPH)
Top of the 6th over - 2 runs, 3 hits, 0 errors, 2 left on base; Athletic Club KC 4 - Syracuse 3
BOTTOM OF THE 6TH
Syracuse Storm batting - Pitching for Athletic Club KC U-24 : RHP Rodney Johnson
Batting: LHB Jorge Leyva 0-0: Ground out 4-3 (Groundball, 34, EV 101.2 MPH)
Batting: LHB Felipe Tovar 0-0: Ball
1-0: SINGLE (Groundball, 56D, EV 102.5 MPH)
Batting: LHB Gabriel Serrano 0-0: Ball
Felipe Tovar steals 2nd base
1-0: Ball
2-0: Ball
3-0: Swinging Strike
3-1: Swinging Strike
3-2: Foul Ball, location: 2F
3-2: Foul Ball, location: 2F
3-2: Ground out 4-3 (Groundball, 34D, EV 101.2 MPH)
Felipe Tovar to third
Batting: RHB Jung Chong 0-0: Ball
1-0: Ball
2-0: SINGLE (Groundball, 4MD, EV 103.8 MPH)
Felipe Tovar scores
Batting: LHB Kenny Jones 0-0: Swinging Strike
0-1: Foul Ball, location: 2F
0-2: Ball
1-2: Ball
2-2: Ball
3-2: Ground out 6-3 (Groundball, 6M, EV 85.6 MPH)
Bottom of the 6th over - 1 run, 2 hits, 0 errors, 1 left on base; Athletic Club KC 4 - Syracuse 4
TOP OF THE 7TH
Athletic Club KC U-24 batting - Pitching for Syracuse Storm : RHP Jong-hoon Wang
Batting: RHB Pedro Píaz 0-0: Ball
1-0: Fly out, F7 (Flyball, 7LD, EV 103.8 MPH)
Batting: SHB Osvaldo Ardiles 0-0: Ball
1-0: Ball
2-0: Fly out, F5 (Popup, 5S, EV 76.2 MPH)
Batting: LHB Ramiro Curran 0-0: Swinging Strike
0-1: Ball
1-1: Called Strike
1-2: Strikes out swinging
Top of the 7th over - 0 runs, 0 hits, 0 errors, 0 left on base; Athletic Club KC 4 - Syracuse 4
BOTTOM OF THE 7TH
Syracuse Storm batting - Pitching for Athletic Club KC U-24 : RHP Rodney Johnson
Batting: RHB Rusty Brown 0-0: Foul Ball, location: 2F
0-1: Foul Ball, location: 2F
0-2: Ball
1-2: Foul Ball, location: 2F
1-2: Foul Ball, location: 2F
1-2: Ball
2-2: Ground out 6-3 (Groundball, 56, EV 110.0 MPH)
Pitching: RHP Yun-tae Yi
Batting: RHB Richard Fowler 0-0: Foul Ball, location: 2F
0-1: Ball
1-1: Foul Ball, location: 2F
1-2: SINGLE (Line Drive, 34D, EV 96.9 MPH)
Batting: RHB Raúl Bermúdez 0-0: Called Strike
0-1: Ball
1-1: Called Strike
1-2: Ball
2-2: Strikes out swinging
Batting: RHB Jacob James 0-0: Called Strike
Richard Fowler steals 2nd base
0-1: Swinging Strike
0-2: SINGLE (Flyball, 89S, EV 86.9 MPH)
Richard Fowler to third
Runner from 3rd tries for Home, SAFE, throw by RF to home
Batting: LHB Jorge Leyva 0-0: Called Strike
0-1: Ball
1-1: Called Strike
1-2: Strikes out swinging
Bottom of the 7th over - 1 run, 2 hits, 0 errors, 1 left on base; Athletic Club KC 4 - Syracuse 5
TOP OF THE 8TH
Athletic Club KC U-24 batting - Pitching for Syracuse Storm : RHP Jong-hoon Wang
Now in RF: Felino Edrada
Batting: LHB Greg Flynn 0-0: DOUBLE (Line Drive, 3D, EV 98.1 MPH)
Pitching: RHP Jonathan Downs
Pinch Hitting: SHB Benedito Ahulani 0-0: Ball
1-0: Called Strike
1-1: Ball
2-1: Swinging Strike
2-2: Ball
3-2: Base on Balls
Batting: LHB Derek Robinson 0-0: Called Strike
0-1: Ball
1-1: Swinging Strike
1-2: Foul Ball, location: 2F
1-2: Ball
2-2: Ball
3-2: Foul Ball, location: 2F
3-2: Base on Balls
Greg Flynn to third
Benedito Ahulani to second
Pinch Hitting: LHB Justin Cooper 0-0: Swinging Strike
0-1: Ball
1-1: Ball
2-1: Ball
Wild Pitch!
Greg Flynn scores
Benedito Ahulani to third
Derek Robinson to second
3-1: Called Strike
3-2: Foul Ball, location: 2F
3-2: Fly out, F8 (Flyball, 78XD, EV 103.1 MPH)
Runner from 3rd tags up, SCORES, no throw by CF
Batting: RHB James Allingham 0-0: Intentional Walk
Batting: RHB David Bosingwa 0-0: Called Strike
0-1: Ball
1-1: DOUBLE (Groundball, 3L, EV 95.6 MPH)
Derek Robinson scores
James Allingham to third
Runner from 3rd tries for Home, SAFE, throw by RF to trailing runner, SAFE at third!
Pitching: RHP Kuang-yin Gao
Batting: RHB Pedro Píaz 0-0: Swinging Strike
0-1: Ball
1-1: Foul Ball, location: 2F
1-2: Ball
2-2: SINGLE (Flyball, 9LS, EV 89.4 MPH)
David Bosingwa scores
Batting: SHB Osvaldo Ardiles 0-0: Fielders Choice at 2nd, 3-6 (Groundball, 3, EV 87.5 MPH)
Batting: LHB Ramiro Curran 0-0: Ground out 4-3 (Groundball, 4, EV 103.8 MPH)
Top of the 8th over - 5 runs, 3 hits, 0 errors, 1 left on base; Athletic Club KC 9 - Syracuse 5
BOTTOM OF THE 8TH
Syracuse Storm batting - Pitching for Athletic Club KC U-24 : RHP Yun-tae Yi
Now at C: Emílio Jover
Now at SS: Yukinaga Hakui
Batting: LHB Felipe Tovar 0-0: Ball
1-0: Called Strike
1-1: Ball
2-1: SINGLE (Groundball, 6D, EV 103.1 MPH)
Batting: LHB Gabriel Serrano 0-0: Called Strike
0-1: Called Strike
0-2: SINGLE (Line Drive, 7S, EV 98.1 MPH)
Felipe Tovar to second
Runner from 2nd tries for 3rd, SAFE, throw by LF made to third
Batting: RHB Jung Chong 0-0: Ball
1-0: SINGLE (Groundball, 4S, EV 87.5 MPH) (infield hit)
Felipe Tovar scores
Gabriel Serrano to second
Batting: LHB Kenny Jones 0-0: Called Strike
0-1: Called Strike
0-2: Fly out, F4 (Line Drive, 4, EV 72.5 MPH)
Batting: RHB Rusty Brown 0-0: Called Strike
0-1: Ball
1-1: Ball
2-1: Hit by Pitch
Gabriel Serrano to third
Jung Chong to second
Pinch Runner at 1st Francisco Romero:
Pinch Hitting: LHB Trevor Smith 0-0: Ball
1-0: Called Strike
1-1: Ball
2-1: Ball
3-1: Grounds into double play, 5-2-3 (Groundball, 5L, EV 83.1 MPH)
Bottom of the 8th over - 1 run, 3 hits, 0 errors, 2 left on base; Athletic Club KC 9 - Syracuse 6
TOP OF THE 9TH
Athletic Club KC U-24 batting - Pitching for Syracuse Storm : RHP Kuang-yin Gao
Now at C: Ludwig Krassnig
Now in LF: Francisco Romero
Batting: LHB Greg Flynn 0-0: Called Strike
0-1: Ball
1-1: Ball
2-1: Swinging Strike
2-2: Strikes out looking
Batting: RHB Yukinaga Hakui 0-0: Ball
1-0: Foul Ball, location: 2F
1-1: Ball
2-1: Ground out 5-3 (Groundball, 56S, EV 82.5 MPH)
Batting: LHB Derek Robinson 0-0: Called Strike
0-1: Called Strike
0-2: Ball
1-2: Strikes out swinging
Top of the 9th over - 0 runs, 0 hits, 0 errors, 0 left on base; Athletic Club KC 9 - Syracuse 6
BOTTOM OF THE 9TH
Syracuse Storm batting - Pitching for Athletic Club KC U-24 : RHP Yun-tae Yi
Batting: RHB Raúl Bermúdez 0-0: Ball
1-0: Swinging Strike
1-1: Ball
2-1: Called Strike
2-2: Foul Ball, location: 2F
2-2: Ball
3-2: Base on Balls
Pitching: RHP Octávio Vázquez
Batting: RHB Jacob James 0-0: Called Strike
0-1: Ball
1-1: Foul Ball, location: 2F
1-2: Strikes out swinging
Batting: RHB Felino Edrada 0-0: Fielders Choice at 2nd, 6-4 (Groundball, 6, EV 85.0 MPH)
Batting: LHB Felipe Tovar Pickoff Throw to First - Error! E1
Felino Edrada to second
0-0: Fly out, F8 (Line Drive, 8RD, EV 98.1 MPH)
Bottom of the 9th over - 0 runs, 0 hits, 1 error, 1 left on base; Athletic Club KC 9 - Syracuse 6
Friday, March 26th, 2021 - OOTP Baseball 20.8 Build 74